Cogmind - Beta 13 @@@ ROGUE MODE // 2024.04.25 @ 14:50:35 Player: ThemBee Result: Destroyed by BH-76Y(R) with Subdweller Laser Performance ------------- Evolutions (0) 0 Regions Visited (3) 600 Robots Destroyed (24) 120 Value Destroyed (620) 620 Prototype IDs (3) 60 Alien Tech Used (0) 0 Bonus (0) 0 TOTAL SCORE: 1400 Bonus ------- None Cogmind --------- Core Integrity 0/250 Matter 269/300 Energy 180/200 System Corruption 0% Temperature Cool (6) Movement Treading (160) Location -10/Subcaves Parts ------- > --- POWER (1) -------- Subdweller Power Source > --- PROPULSION (2) --- Light Treads Light Treads > --- UTILITY (2) ------ Scrap Shield > --- WEAPON (2) ------- Subdweller Machine Gun Subdweller Machine Gun > --- INVENTORY (5) ---- Heat Sink Experimental Sensor Array Grenade Launcher Piercing Trap Peak State ------------ > --- POWER ------------ Subdweller Power Source > --- PROPULSION ------- Light Treads Light Treads > --- UTILITY ---------- Scrap Shield > --- WEAPON ----------- Particle Gun Subdweller Machine Gun > --- INVENTORY -------- Heat Sink Experimental Sensor Array Subdweller Machine Gun Grenade Launcher Piercing Trap [Rating: 13] Favorites ----------- Power Ion Engine Engine Ion Engine Propulsion Light Treads Treads Light Treads Wheel Compact Wheel Hover Unit Hover Unit Utility Structural Scanner Device Structural Scanner Storage Large Storage Unit Protection Scrap Shield Weapon Particle Gun Energy Gun Particle Gun Ballistic Gun Subdweller Machine Gun Special Weapon Mining Laser Build | -11 -10 -10 -10 ------- Run | Yrd Mat Min Sub Slots Evolved . | . . . . Power . | . . . . Propulsion . | . . . . Utility . | . . . . Weapon . | . . . . Parts Attached 30 | 7 12 2 9 Power 5 | 1 2 . 2 Engine 5 | 1 2 . 2 Core . | . . . . Reactor . | . . . . Propulsion 7 | 2 3 1 1 Treads 2 | . . 1 1 Leg . | . . . . Wheel 4 | 2 2 . . Hover 1 | . 1 . . Flight . | . . . . Utility 5 | 1 3 . 1 Device 2 | . 2 . . Storage 2 | 1 1 . . Processor . | . . . . Hackware . | . . . . Protection 1 | . . . 1 Artifact . | . . . . Weapon 13 | 3 4 1 5 Energy Gun 6 | . 4 . 2 Energy Cannon . | . . . . Ballistic Gun 5 | 3 . . 2 Ballistic Cannon . | . . . . Launcher . | . . . . Special Weapon 2 | . . 1 1 Impact Weapon . | . . . . Slashing Weapon . | . . . . Piercing Weapon . | . . . . Special Melee Weapon . | . . . . Unidentified Prototypes . | . . . . Parts Lost 5 | . 3 . 2 Power . | . . . . Propulsion 2 | . 1 . 1 Utility . | . . . . Weapon 3 | . 2 . 1 Highest Loss Streak 2 | . 2 . 1 To Critical Strikes . | . . . . Average Slot Usage (%) 91 | . 83 99 91 Engine 14 | . 14 14 14 Treads 16 | . . 13 26 Wheel 8 | . 17 14 1 Device 9 | . 10 14 5 Storage 10 | . 14 14 5 Protection 3 | . . . 8 Energy Gun 16 | . 13 18 16 Ballistic Gun 6 | . 13 . 7 Special Weapon 4 | . . 9 3 Naked Turns . | . . . . Heaviest Build 31 | 12 31 31 31 Greatest Support 40 | 26 26 16 40 Greatest Overweight (x) 10 | . 10 1 1 Average Overweight (x) . | . 1 1 . Largest Inventory Capacity 15 | 8 15 15 15 Average Capacity 11 | 7 11 15 9 Most Carried 15 | 6 15 15 15 Average Carried 10 | 3 10 14 8 Final Capacity 15 | 8 15 15 5 Final Carried 15 | 6 15 15 4 Class Distribution -------------------- 73% | Mutant 26% | Subdweller-Mutant Dominant Class ---------------- Mutant | -10/Materials Mutant | -10/Mines Subdweller-Mutant | -10/Subcaves Resources | -11 -10 -10 -10 ----------- Run | Yrd Mat Min Sub Matter Collected 695 | 221 330 59 85 Remotely . | . . . . Salvage Created 745 | . 472 41 232 Parts 45 | . 22 7 16 Haulers Intercepted 2 | . 2 . . Recyclers Shooed . | . . . . Parts Field Recycled . | . . . . Retrieved Matter . | . . . . Parts Self-Destructed 10 | . . . 10 Prevented . | . . . . Kills | -11 -10 -10 -10 ------- Run | Yrd Mat Min Sub Combat Hostiles Destroyed 21 | . 9 3 9 Guns 21 | . 9 3 9 Classes Destroyed 6 | . 3 1 2 Hauler 2 | . 2 . . Operator 1 | . 1 . . Swarmer 8 | . . 3 5 Grunt 9 | . 9 . . Sentry 1 | . . . 1 Subdweller 3 | . . . 3 Best Kill Streak 4 | . 3 3 4 Combat Bots Only 4 | . 3 3 4 Max Kills in Single Turn 2 | . 1 1 2 Gunslinging 1 | . . . 1 Exploded . | . . . . Melee . | . . . . Uniques/NPCs Destroyed . | . . . . Combat | -11 -10 -10 -10 -------- Run | Yrd Mat Min Sub Hostile Shots Fired 120 | . 47 8 65 Missed 33 | . 9 3 21 Damage Taken 993 | . 464 39 490 Core 269 | . 126 33 110 Absorbed by Shields . | . . . . Core Remaining (%) 100 | 100 . . . Volleys Fired 105 | . 56 9 40 Largest 2 | . 2 2 2 Hottest 115 | . 85 115 115 Shots Fired 175 | . 99 14 62 Gun 161 | . 99 10 52 Cannon . | . . . . Launcher . | . . . . Special 14 | . . 4 10 Kinetic 85 | . 72 . 13 Thermal 90 | . 27 14 49 Explosive . | . . . . Electromagnetic . | . . . . Robot Hit Streak 21 | . 21 4 10 Robot Miss Streak 4 | . 4 1 4 Penetration Max . | . . . . Secondary Targets 3 | . . . 3 Max Gunslinging Chain 1 | . . . 1 Shots Hit Robots 106 | . 68 6 32 Core Hits 39 | . 23 3 13 Critical Kills . | . . . . Critical Parts Destroyed . | . . . . Critical Strikes 4 | . 1 1 2 Burn 4 | . 1 1 2 Melee Attacks . | . . . . Impact . | . . . . Slashing . | . . . . Piercing . | . . . . Sneak Attacks . | . . . . Combat Hostiles . | . . . . Follow-up Attacks . | . . . . Damage Inflicted 1557 | . 970 80 507 Guns 1557 | . 970 80 507 Cannons . | . . . . Explosions . | . . . . Melee . | . . . . Ramming . | . . . . Kinetic 793 | . 689 . 104 Thermal 764 | . 281 80 403 Explosive . | . . . . Electromagnetic . | . . . . Impact . | . . . . Slashing . | . . . . Piercing . | . . . . Highest Corruption . | . . . . Average Corruption . | . . . . Corruption Purged . | . . . . Corruption Blocked . | . . . . Overload Shots . | . . . . Overflow Damage . | . . . . Projectiles . | . . . . Explosions . | . . . . Melee . | . . . . Knockbacks . | . . . . Impact . | . . . . Kinetic . | . . . . Secondary . | . . . . Self-Inflicted Damage . | . . . . Shots . | . . . . Rammed 1 | . . 1 . Targets Rammed 1 | . . 1 . Kicked . | . . . . Crushed . | . . . . Highest Temperature 288 | . 288 170 8 Average Temperature 75 | . 86 53 4 Received Heat Transfer 399 | . 285 . 114 Siege Activations . | . . . . Robots Corrupted . | . . . . Combat Hostiles . | . . . . Parts Fried . | . . . . Impact Corruptions . | . . . . Robots Melted . | . . . . Combat Hostiles . | . . . . Parts Melted 2 | . 1 1 . Heat Transferred 2220 | . 703 296 1221 Parts Sabotaged . | . . . . Parts Stolen . | . . . . Parts Stripped . | . . . . Power Chain Reactions . | . . . . Alert | -11 -10 -10 -10 ------- Run | Yrd Mat Min Sub Peak Influence 259 | . 259 155 . Initial 70 | . . 70 . Average 109 | . 165 70 . Maximum Alert Level 1 | . 1 . . Low Security (%) 84 | 100 64 100 . Level 1 15 | . 35 . . Level 2 . | . . . . Level 3 . | . . . . Level 4 . | . . . . Level 5 . | . . . . High Security . | . . . . Max Security . | . . . . Squads Dispatched 2 | . 2 . . Investigation . | . . . . Extermination . | . . . . Reinforcement 2 | . 2 . . Assault . | . . . . Garrison . | . . . . Intercept . | . . . . Searches Triggered . | . . . . Construction Impeded . | . . . . Haulers Reinforced . | . . . . Active Scanning Responses . | . . . . Cargo Convoy Interrupts . | . . . . Stealth | -11 -10 -10 -10 --------- Run | Yrd Mat Min Sub Distress Signals 3 | . 3 . . Communications Jammed . | . . . . Distress Signals . | . . . . Times Spotted 45 | . 24 3 18 Peak Tracking Total 7 | . 7 3 5 Tactical Retreats 4 | . . . 4 Traps | -11 -10 -10 -10 ------- Run | Yrd Mat Min Sub Traps Triggered 2 | . 2 . . Indirectly . | . . . . Trap Hack Attempts . | . . . . Triggered . | . . . . Disarmed . | . . . . Reprogrammed . | . . . . Reused . | . . . . Traps Extracted . | . . . . Installed . | . . . . Triggered . | . . . . Most Traps Carried 1 | . . . 1 Machines | -11 -10 -10 -10 ---------- Run | Yrd Mat Min Sub Machines Disabled 1 | . . 1 . Max in Single Turn 1 | . . 1 . Machines Repaired . | . . . . Machines Dismantled . | . . . . Machines Sabotaged . | . . . . Overloaded Fab Kills . | . . . . Hacking | -11 -10 -10 -10 --------- Run | Yrd Mat Min Sub Machines Accessed 4 | . 4 . . Terminals 4 | . 4 . . Fabricators . | . . . . Repair Stations . | . . . . Recycling Units . | . . . . Scanalyzers . | . . . . Garrison Access . | . . . . Total Hacks 13 | . 13 . . Successful 7 | . 7 . . Failed 5 | . 5 . . Catastrophic . | . . . . Database Lockouts 1 | . 1 . . Manual 13 | . 13 . . Terminals 13 | . 13 . . Fabricators . | . . . . Repair Stations . | . . . . Recycling Units . | . . . . Scanalyzers . | . . . . Garrison Access . | . . . . Terminal Hacks 3 | . 3 . . Robot Analysis 1 | . 1 . . Prototype ID Bank 2 | . 2 . . Fabricator Hacks . | . . . . Repair Station Hacks . | . . . . Recycling Unit Hacks . | . . . . Scanalyzer . | . . . . Garrison Access Hacks . | . . . . Unauthorized Hacks 4 | . 4 . . Terminals 4 | . 4 . . Botnet 4 | . 4 . . Fabricators . | . . . . Repair Stations . | . . . . Recycling Units . | . . . . Scanalyzers . | . . . . Garrison Access . | . . . . Data Cores Recovered 1 | . 1 . . Used . | . . . . Hacking Detections 4 | . 4 . . Full Trace Events . | . . . . Feedback Events . | . . . . Feedback Blocked . | . . . . Robot Schematics Acquired . | . . . . Robots Built . | . . . . Authchips . | . . . . Time . | . . . . Total Robot Build Rating . | . . . . Part Schematics Acquired . | . . . . Parts Built . | . . . . Authchips . | . . . . Time . | . . . . Total Part Build Rating . | . . . . Parts Repaired . | . . . . Time . | . . . . Parts Recycled . | . . . . Recycled Matter . | . . . . Retrieved Matter . | . . . . Retrieved Components . | . . . . Parts Scanalyzed . | . . . . Part Schematics Acquired . | . . . . Parts Damaged . | . . . . Bothacking | -11 -10 -10 -10 ------------ Run | Yrd Mat Min Sub Used RIF Installer . | . . . . Robots Hacked . | . . . . Non-combat . | . . . . Combat . | . . . . Robot Hacks Applied . | . . . . Relay Couplers Released . | . . . . Fabnet Peak Effective % . | . . . . Robots Rewired . | . . . . Allies Hacked . | . . . . Hacks Repelled . | . . . . Allies | -11 -10 -10 -10 -------- Run | Yrd Mat Min Sub Total Allies . | . . . . Largest Group . | . . . . Highest-Rated Group . | . . . . Highest-Rated Ally . | . . . . Total Orders . | . . . . Ally Attacks . | . . . . Total Damage . | . . . . Kills . | . . . . Allies Corrupted . | . . . . Allies Melted . | . . . . Intel | -11 -10 -10 -10 ------- Run | Yrd Mat Min Sub Robot Analysis Total 1 | . 1 . . Derelict Logs Recovered 3 | . . 2 1 Drone Launches . | . . . . Drone Recoveries . | . . . . Exploration | -11 -10 -10 -10 ------------- Run | Yrd Mat Min Sub Turns Passed 2839 | 53 678 846 1262 Spaces Moved 1763 | 39 349 675 700 Core 20 | 2 18 . . Treads 638 | . . . 638 Legs . | . . . . Wheels 1105 | 37 331 675 62 Hover . | . . . . Flight . | . . . . Fastest Speed 50 | 50 90 115 115 Average Speed 133 | 87 129 115 156 Slowest Speed 550 | 90 550 115 160 Overloaded Moves . | . . . . Propulsion Burnouts . | . . . . Robots Hopped . | . . . . Cave-ins Triggered . | . . . . Exploration Rate (%) 53 | 3 64 96 49 Regions Visited 3 Branch Regions 2 Pre-discovered Areas 1 | . . 1 . Known Exits Taken . | . . . . Unknown Exits Taken 3 | 1 1 1 . Scrap Searched 5 | . . 1 4 Spaces Dug 1 | . . 1 . Terrain Destroyed 1 | . . 1 . Melee . | . . . . Projectile 1 | . . 1 . AOE . | . . . . Terrain Rammed . | . . . . Walls Destroyed . | . . . . Machines Disabled . | . . . . Actions | -11 -10 -10 -10 --------- Run | Yrd Mat Min Sub Total 2044 | 54 475 722 793 Wait 103 | 3 42 33 25 Move 1760 | 38 348 674 700 Hop . | . . . . Pick Up 22 | 6 11 2 3 Fast Attach 16 | 6 8 . 2 Attach 5 | . 2 1 2 Detach 2 | . 2 . . Swap 9 | 1 2 1 5 Drop 21 | . 4 1 16 Fire 105 | . 56 9 40 Melee . | . . . . Ram 1 | . . 1 . Kick . | . . . . Crush . | . . . . Escape Stasis . | . . . . Rewire . | . . . . Trap . | . . . . Miscellaneous . | . . . . Route ------- -11/Scrapyard -10/Materials (discovered 4 exits: [*Mat x2] / [*Min] / [Sub]) -10/Mines (discovered 3 exits: [*Mat x2] / [*Sub]) -10/Subcaves (discovered 2 exits: [*Mat] / [*Rec]) History --------- Turn | Location | Event 2 | -11/Scrapyard | Met Revision 17 20 | -11/Scrapyard | Discovered new exit (range 16) 54 | -11/Scrapyard | Entered Materials 306 | -10/Materials | Build established: Mutant 316 | -10/Materials | Discovered new exit (range 15) 323 | -10/Materials | Central database locked down 508 | -10/Materials | Discovered new exit (range 12) 562 | -10/Materials | Core integrity fell below 50% 576 | -10/Materials | Discovered new exit (range 5) 715 | -10/Materials | Discovered new exit (range 9) 732 | -10/Materials | Entered Mines 742 | -10/Mines | Learned Materials emergency access door positions 747 | -10/Mines | Discovered new exit (range 10) 806 | -10/Mines | Found a hidden stash of uninstalled traps 825 | -10/Mines | Learned location of 1 exit from Materials 835 | -10/Mines | Found a damaged Exp. Sensor Array with a note attached 844 | -10/Mines | Found Prototype Device 881 | -10/Mines | Discovered new exit (range 15) 948 | -10/Mines | Learned location of Storage (-7) 1013 | -10/Mines | Discovered new exit (range 16) 1578 | -10/Mines | Entered Subcaves 1623 | -10/Subcaves | Discovered new exit (range 7) 1683 | -10/Subcaves | Core integrity fell below 20% 1706 | -10/Subcaves | Discovered new exit (range 13) 1998 | -10/Subcaves | A Subdweller sparked back to life 2107 | -10/Subcaves | Disturbed a concealed Subdweller 2403 | -10/Subcaves | Build established: Subdweller-Mutant 2621 | -10/Subcaves | Learned Materials terminal intel 2840 | -10/Subcaves | Destroyed by BH-76Y(R) with Subdweller Laser Last Messages --------------- 02123_ Found 22 Matter. 02126_ Dropped Lgt. Ion Engine. 02129_ Searching scrap... 02129_ Found Sub. Optics. 02129_ Found 11 Matter. 02130_ Acquired 10 matter. 02131_ Searching scrap... 02131_ Found Sub. Machine Gun. 02131_ Found 23 Matter. 02134_ Dropped Med. Laser. 02134_ Med. Laser crushed and broken. 02135_ Acquired Sub. Machine Gun. 02138_ Extracted 10 matter. 02621_ Acquired derelict log, extracted data. Data stored: Materials terminal intel. 02648_ QY-59V(u) deconstructs Twisted Machinery. 02765_ K2-Y9S(u) tweaks Twisted Machinery. 02806_ K2-Y9S(u) builds Twisted Machinery. 02835_ Particle Gun destroyed. 02838_ J0-CVQ(R) destroyed. Map ----- +----------------------------------------------------+ | ####??????? ?????????????????############## | | ##??????? "?????????????????## ### ## | | ###????? " " ??################### # | | ###???#"""" "??"################### | | # ##???#####<#??### # # ## # ## # ### | | # ################" ########## | | # ########## ######" " ########? | | # ## #"# """" ###### ####### ## ##??????? | | # "" """" ####################??????? | | # """ "##??#####???########??????? | | ####### #""## # ""###???????????????????????? | | ################ #######?????????????????????? | | ?????########### "####?????????????????????? | | ??????????????## "" ##?????????????????????? | | ??????????????#### # "" ###?????????????????????? | | ??????????????#### # "##""##?????????????????????? | | ???????????????### ### ###?????????????????????? | | ???????????????##"""#### ###?????????????????????? | | ???????????????###"""### ###?????????????????????? | | ???????????????###""" "" ##?????????????????????? | | ???????????????##""### " ##?????????????????????? | | ???????????????########" ##?????????????????????? | | ???????????????######### ##?????????????????????? | | ?????????????????????## ##?????????????????????? | | ?????????????????????## ##?????????????????????? | | ?????????????????????##!&@##?????????????????????? | | ?????????????????????###R###?????????????????????? | | ?????????????????????## & #?????????????????????? | | ??????????????????????# ???????????????????????? | | ??????????????????????## ??????????????????????? | | ??????????????????????### ??????????????????????? | | ??????????????????????### #?????????????????????? | | ????????????????????????? #?????????????????????? | | ????????????????????????? ?????????????????????? | | ????????????????????????? " ?????????????????????? | | ????????????????????????? ""?????????????????????? | | ????????????????????????? """????????????????????? | | ????????????????????????? "??????????????????????? | | ??????????????????????????#??????????????????????? | | ?????????????????????????????????????????????????? | | ?????????????????????????????????????????????????? | | ?????????????????????????????????????????????????? | | ?????????????????????????????????????????????????? | | ?????????????????????????????????????????????????? | | ?????????????????????????????????????????????????? | | ?????????????????????????????????????????????????? | | ?????????????????????????????????????????????????? | | ?????????????????????????????????????????????????? | | ?????????????????????????????????????????????????? | | ?????????????????????????????????????????????????? | +----------------------------------------------------+ Best States ------------- Heat Dissipation 35 Energy Generation 15 Energy Capacity 250 Matter Stores 300 Matter Capacity 300 Sight Range 16 Terrain Scan Density 10 Armor Coverage 800 Evasion (%) 42 Recoil Reduction 2 Item Schematics ----------------- None Robot Schematics ------------------ None Fabricated ------------ Nothing Alien Tech Used ----------------- None Achievements -------------- None Challenges ------------ None Game ------ Seed BottomlessWaveRefractor Manual? 0 Play Time 00:27:54 Cumulative 52.2 hours Start 2024.04.25 @ 14:04:26 End 2024.04.25 @ 14:50:35 Sessions 2 Manual Loads 0 Difficulty Rogue Special Mode None Game No. 28 Rogue 28 Adventurer 0 Explorer 0 Win Type - Total 1 Types 1/0/0/0/0/0/0/0/0 Lore% 24 Gallery% 34 Achievement% 31 Wizard Run 0 Options --------- Layout 2 ASCII 0 Keyboard 0 Movement Numpad Keybinds 0 Fullscreen 2 Font 24/Smallcaps Map View 50x44 Zoom Use 0% Tactical HUD 1 Map Filters NONE Filters NONE Steam 1 RUN: 04b4f779-cbd8-49e8-bda8-d4c65db1e6f2